Cogmind - Beta 16.1 @@@ ROGUE MODE // 2026.04.20 @ 21:40:12 Player: Dobri Result: Destroyed by G-47 Trooper with Particle Gun Performance ------------- Evolutions (0) 0 Regions Visited (1) 200 Robots Destroyed (8) 40 Value Destroyed (135) 135 Prototype IDs (0) 0 Alien Tech Used (0) 0 Bonus (-528) -528 TOTAL SCORE: -153 Bonus ------- Friendly Fire -528 Cogmind --------- Core Integrity 0/250 Matter 187/300 Energy 125/125 System Corruption 0% Temperature Cool (9) Movement Walking (120) Location -10/Materials Parts ------- > --- POWER (1) -------- Light Ion Engine > --- PROPULSION (2) --- Aluminum Leg Aluminum Leg > --- UTILITY (2) ------ Heat Sink Visual Processing Unit > --- WEAPON (2) ------- Assault Rifle Assault Rifle > --- INVENTORY (5) ---- Weight Redist. System Weight Redist. System ECM Suite ECM Suite Peak State ------------ > --- POWER ------------ Light Ion Engine > --- PROPULSION ------- Aluminum Leg Aluminum Leg > --- UTILITY ---------- Heat Sink Visual Processing Unit > --- WEAPON ----------- Light EM Pulse Cannon Light EM Pulse Cannon > --- INVENTORY -------- Weight Redist. System Weight Redist. System ECM Suite ECM Suite [Rating: 10] Favorites ----------- Power Light Ion Engine Engine Light Ion Engine Propulsion Aluminum Leg Leg Aluminum Leg Wheel Wheel Utility Heat Sink Device Heat Sink Processor Visual Processing Unit Weapon Medium Laser Energy Gun Medium Laser Energy Cannon Light EM Pulse Cannon Ballistic Gun Assault Rifle Build | -11 -10 ------- Run | Yrd Mat Slots Evolved . | . . Power . | . . Propulsion . | . . Utility . | . . Weapon . | . . Parts Attached 16 | 6 10 Power 2 | 1 1 Engine 2 | 1 1 Core . | . . Reactor . | . . Propulsion 4 | 2 2 Treads . | . . Leg 2 | . 2 Wheel 2 | 2 . Hover . | . . Flight . | . . Utility 3 | 1 2 Device 2 | 1 1 Storage . | . . Processor 1 | . 1 Hackware . | . . Protection . | . . Artifact . | . . Weapon 7 | 2 5 Energy Gun 3 | 2 1 Energy Cannon 2 | . 2 Ballistic Gun 2 | . 2 Ballistic Cannon . | . . Launcher . | . . Special Weapon . | . . Impact Weapon . | . . Slashing Weapon . | . . Piercing Weapon . | . . Special Melee Weapon . | . . Unidentified Prototypes . | . . Parts Lost 2 | . 2 Power 1 | . 1 Propulsion 1 | . 1 Utility . | . . Weapon . | . . Highest Loss Streak 2 | . 2 To Critical Strikes . | . . Average Backups 2 | . 2 Power . | . . Propulsion . | . . Utility 1 | . 2 Weapon . | . . Tool/Special . | . . Unused Backups 4 | . 4 Power . | . . Propulsion . | . . Utility 4 | . 4 Weapon . | . . Tool/Special . | . . Average Slot Usage (%) 93 | . 93 Engine 10 | . 10 Leg 21 | . 21 Wheel 4 | . 4 Device 16 | . 16 Processor 9 | . 9 Energy Gun 15 | . 15 Energy Cannon 3 | . 3 Ballistic Gun 9 | . 9 Peak Build Rating 10 | 6 10 Average Rating 7 | 3 7 On Entrance 3 | . 6 Avg Prop Armor Cover (%) . | . . Naked Turns . | . . Heaviest Build 12 | 8 12 Greatest Support 20 | 20 20 Greatest Overweight (x) . | . . Average Overweight (x) . | . . Largest Inventory Capacity 5 | 5 5 Average Capacity 5 | 5 5 Most Carried 5 | 2 5 Average Carried 2 | . 2 Final Capacity 5 | 5 5 Final Carried 4 | . 4 Class Distribution -------------------- 69% | Scavenger-Mutant 30% | Mutant Dominant Class ---------------- Scavenger-Mutant | -10/Materials Resources | -11 -10 ----------- Run | Yrd Mat Matter Collected 326 | 250 76 Remotely . | . . Salvage Created 165 | 44 121 Parts 19 | 5 14 Haulers Intercepted . | . . Recyclers Shooed . | . . Parts Field Recycled . | . . Retrieved Matter . | . . Parts Self-Destructed . | . . Prevented . | . . Parts Restored . | . . Kills | -11 -10 ------- Run | Yrd Mat Combat Hostiles Destroyed 3 | 1 2 Guns 3 | 1 2 Classes Destroyed 5 | 1 4 Builder 1 | . 1 Watcher 1 | . 1 Swarmer 2 | . 2 Grunt 1 | 1 . Federalist 3 | . 3 Best Kill Streak 2 | 1 2 Combat Bots Only 2 | 1 2 Max Kills in Single Turn 3 | 1 3 Gunslinging . | . . Exploded . | . . Melee . | . . Uniques/NPCs Destroyed . | . . Combat | -11 -10 -------- Run | Yrd Mat Hostile Shots Fired 25 | 2 23 Missed 4 | . 4 Hits 21 | 2 19 Projectile 21 | 2 19 Critical Strikes 1 | . 1 Damage Taken 580 | 22 558 Core 258 | . 258 Absorbed by Shields . | . . Core Remaining (%) 100 | 100 . Volleys Fired 24 | 2 22 Largest 2 | 2 2 Hottest 112 | 100 112 Shots Fired 48 | 4 44 Gun 46 | 4 42 Cannon 2 | . 2 Launcher . | . . Special . | . . Kinetic 28 | . 28 Thermal 18 | 4 14 Explosive . | . . Electromagnetic 2 | . 2 Robot Hit Streak 3 | 3 3 Robot Miss Streak 3 | . 3 Penetration Max . | . . Secondary Targets . | . . Shots Hit Robots 18 | 3 15 Core Hits 11 | 2 9 Critical Kills . | . . Critical Parts Destroyed . | . . Critical Strikes 2 | 1 1 Burn 2 | 1 1 Melee Attacks . | . . Impact . | . . Slashing . | . . Piercing . | . . Sneak Attacks . | . . Combat Hostiles . | . . Follow-up Attacks . | . . Damage Inflicted 510 | 39 471 Guns 207 | 39 168 Cannons . | . . Explosions 303 | . 303 Melee . | . . Ramming . | . . Kinetic 132 | . 132 Thermal 75 | 39 36 Explosive 303 | . 303 Electromagnetic . | . . Impact . | . . Slashing . | . . Piercing . | . . Highest Corruption . | . . Average Corruption . | . . Corruption Purged . | . . Corruption Blocked . | . . Overload Shots . | . . Overflow Damage 138 | . 138 Projectiles . | . . Explosions 138 | . 138 Melee . | . . Knockbacks . | . . Impact . | . . Kinetic . | . . Secondary . | . . Self-Inflicted Damage 295 | . 295 Shots 3 | . 3 Rammed . | . . Targets Rammed . | . . Kicked . | . . Crushed . | . . Highest Temperature 90 | 90 21 Average Temperature 23 | 49 7 Received Heat Transfer 138 | 12 126 Siege Activations . | . . Martial Activations . | . . Shielding Activations . | . . Robots Disrupted . | . . Combat Hostiles . | . . Robots Corrupted . | . . Combat Hostiles . | . . Parts Fried . | . . Impact Corruptions . | . . Robots Melted . | . . Combat Hostiles . | . . Parts Melted . | . . Heat Transferred 370 | 185 185 Parts Sabotaged . | . . Parts Stolen . | . . Parts Stripped . | . . Power Chain Reactions . | . . Alert | -11 -10 ------- Run | Yrd Mat Maximum Alert Level . | . . Low Security (%) 100 | 100 100 Level 1 . | . . Level 2 . | . . Level 3 . | . . Level 4 . | . . Level 5 . | . . High Security . | . . Max Security . | . . Peak Influence 75 | 20 75 Initial 6 | . 6 Average 14 | 2 16 Influence Increases 246 | 20 226 Destroy 0b10 Robot/C 60 | 20 40 Destroy 0b10 Robot/NC 10 | . 10 Destroy Leader 12 | . 12 Successful Hack 4 | . 4 Disable Machine 90 | . 90 Destroy Structure 25 | . 25 Lose Combat Pursuer 45 | . 45 Influence Decreases 209 | 10 199 Entered New Map 4 | . 4 Time Decay 185 | 10 175 Lost Part 20 | . 20 Squads Dispatched 2 | . 2 Investigation 1 | . 1 Extermination . | . . Reinforcement 1 | . 1 Assault . | . . Garrison . | . . Intercept . | . . Searches Triggered . | . . Construction Impeded . | . . Haulers Reinforced . | . . Active Scanning Responses . | . . Cargo Convoy Interrupts . | . . Stealth | -11 -10 --------- Run | Yrd Mat Distress Signals 1 | . 1 Communications Jammed . | . . Distress Signals . | . . Times Spotted 14 | 1 13 Peak Tracking Total 4 | 1 4 Tactical Retreats 1 | . 1 Traps | -11 -10 ------- Run | Yrd Mat Traps Triggered 1 | . 1 Indirectly . | . . Trap Hack Attempts . | . . Triggered . | . . Disarmed . | . . Reprogrammed . | . . Reused . | . . Traps Extracted . | . . Installed . | . . Triggered . | . . Machines | -11 -10 ---------- Run | Yrd Mat Machines Disabled 6 | . 6 Max in Single Turn 2 | . 2 Machines Repaired . | . . Machines Dismantled . | . . Machines Sabotaged . | . . Overloaded Fab Kills . | . . Hacking | -11 -10 --------- Run | Yrd Mat Machines Accessed 2 | . 2 Terminals 1 | . 1 Fabricators . | . . Repair Stations . | . . Recycling Units 1 | . 1 Scanalyzers . | . . Garrison Access . | . . Total Hacks 5 | . 5 Successful 5 | . 5 Failed . | . . Catastrophic . | . . Database Lockouts . | . . Manual . | . . Terminals 3 | . 3 Fabricators . | . . Repair Stations . | . . Recycling Units 2 | . 2 Scanalyzers . | . . Garrison Access . | . . Terminal Hacks 3 | . 3 Record 2 | . 2 Locate Traps 1 | . 1 Fabricator Hacks . | . . Repair Station Hacks . | . . Recycling Unit Hacks 2 | . 2 Process 1 | . 1 Report Inventory 1 | . 1 Scanalyzer . | . . Garrison Access Hacks . | . . Unauthorized Hacks . | . . Terminals . | . . Fabricators . | . . Repair Stations . | . . Recycling Units . | . . Scanalyzers . | . . Garrison Access . | . . Data Cores Recovered . | . . Used . | . . Hacking Detections 1 | . 1 Full Trace Events 1 | . 1 Feedback Events . | . . Feedback Blocked . | . . Robot Schematics Acquired . | . . Robots Built . | . . Authchips . | . . Time . | . . Total Robot Build Rating . | . . Part Schematics Acquired . | . . Parts Built . | . . Authchips . | . . Time . | . . Total Part Build Rating . | . . Part Studies Acquired . | . . Parts Repaired . | . . Time . | . . Parts Recycled . | . . Recycled Matter 50 | . 50 Retrieved Matter . | . . Retrieved Components . | . . Parts Scanalyzed . | . . Part Schematics Acquired . | . . Parts Damaged . | . . Bothacking | -11 -10 ------------ Run | Yrd Mat Used RIF Installer . | . . Robots Hacked . | . . Non-combat . | . . Combat . | . . Robot Hacks Applied . | . . Relay Couplers Released . | . . Fabnet Peak Effective % . | . . Robots Rewired . | . . Allies Hacked . | . . Hacks Repelled . | . . Allies | -11 -10 -------- Run | Yrd Mat Total Allies . | . . Largest Group . | . . Highest-Rated Group . | . . Highest-Rated Ally . | . . Total Orders . | . . Ally Attacks . | . . Total Damage . | . . Kills . | . . Allies Corrupted . | . . Allies Melted . | . . Intel | -11 -10 ------- Run | Yrd Mat Active Infowar (turns) 473 | . 473 Optics 473 | . 473 Robot Analysis Total . | . . Derelict Logs Recovered . | . . Drone Launches . | . . Drone Recoveries . | . . Exploration | -11 -10 ------------- Run | Yrd Mat Turns Passed 756 | 70 686 Spaces Moved 582 | 69 513 Core 23 | 23 . Treads . | . . Legs 357 | . 357 Wheels 202 | 46 156 Hover . | . . Flight . | . . Fastest Speed 50 | 50 80 Average Speed 103 | 70 107 Slowest Speed 120 | 80 120 Overloaded Moves . | . . Propulsion Burnouts . | . . Robots Hopped . | . . Potential Cave-ins . | . . Cave-ins Triggered . | . . Exploration Rate (%) 39 | 8 70 Regions Visited 1 Branch Regions . Pre-discovered Areas . | . . Known Exits Taken . | . . Unknown Exits Taken 1 | 1 . Scrap Searched . | . . Spaces Dug . | . . Terrain Destroyed 34 | . 34 Melee . | . . Projectile . | . . AOE 34 | . 34 Terrain Rammed . | . . Walls Destroyed . | . . Machines Disabled . | . . Actions | -11 -10 --------- Run | Yrd Mat Total 693 | 86 607 Wait 41 | 2 39 Move 581 | 68 513 Hop . | . . Pick Up 20 | 7 13 Fast Attach 1 | . 1 Attach 14 | 6 8 Detach 3 | . 3 Swap 1 | . 1 Drop 8 | 1 7 Fire 24 | 2 22 Melee . | . . Ram . | . . Kick . | . . Crush . | . . Escape Stasis . | . . Rewire . | . . Trap . | . . Miscellaneous . | . . Route ------- -11/Scrapyard -10/Materials (discovered 5 exits: [*Mat x3] / [*Min] / [*Sub]) History --------- Turn | Location | Event 2 | -11/Scrapyard | Met Revision 17 51 | -11/Scrapyard | Discovered new exit (range 8) 71 | -11/Scrapyard | Entered Materials 72 | -10/Materials | Met a group of wandering Federalists 154 | -10/Materials | Core integrity fell below 50% 179 | -10/Materials | Murdered 3 allies 208 | -10/Materials | Discovered new exit (range 5) 216 | -10/Materials | Discovered new exit (range 5) 482 | -10/Materials | Discovered new exit (range 10) 585 | -10/Materials | Build established: Scavenger-Mutant 635 | -10/Materials | Discovered new exit (range 4) 706 | -10/Materials | Discovered new exit (range 15) 716 | -10/Materials | Core integrity fell below 20% 757 | -10/Materials | Destroyed by G-47 Trooper with Particle Gun Last Messages --------------- Acquired 15 matter. Acquired 16 matter. R-06 Scavenger collects Flight Unit. R-06 Scavenger collects Lgt. Assault Rifle. R-06 Scavenger collects Lgt. Ion Engine. EXIT=FOUND Triggered EMP Trap. A bubble of electromagnetic force engulfs the area. U-05 Engineer lays Concrete. Connecting with Terminal... EXIT=FOUND Disabling or destroying stationary machines or terrain requires that a single hit meet or exceed the object's Armor value. Inspect machines by right-clicking on them, and walls via Ctrl-RMB (or as any other object in Keyboard Mode). Hovering the cursor over an object also shows its Armor in the Scan window. Connecting with Terminal... Terminal disabled. Critical hit (Burn: +37). [Achievement: First Step to Greatness] Map ----- +----------------------------------------------------+ | ???????????????????????????????????????????????? | | ???????????????????????????????????????????????? | | ???????????????????????????##########??????????? | | ???????????????????????????# #####??????? | | ???????????????????????????# """# #??????? | | ???????????????????????????# """# #??????? | | ???????????????????????????# """# ######## | | ???????????????????????????# + # | | ???????????????????????????# """# # | | ???????????????????????????# """# # | | ???????????????????????????#| """# # | | ???????????????????????????# ] # # | | ???????????????????????????########## # [ | | ????????????????????????????????????# # | | ????????????????????????????????????# + | | ????????????????????????????????????# # | | ????????????????????????????????????# # | | ????????????????????????????????????# # | | ????????????????????????????????????# ######## | | ????????????????????????????????????# #???#^ | | ????????????????????????????????????# #???# ^ | | ????????????????????????????????????# #???#^ | | ????????????????????????????????????# #???# ^ | | ????????????????????????????#######?# #???# " | | ????????????????????######??# ### ##??# " | | ????????????????????# @ #### ## #### " | | ????????????????????# /gg ## " | | ????????????????????#T #### ## "T | | ????????????????????#" =#??# ## | | ????????????????????# #??## ### ####### | | ????????????????????######???# #####/#####???? | | ??????????######+############# # = #???? | | ??????????# # #???? | | ??????????# < #!! #???? | | ??????????# #!! #???? | | ?????????????# #!! #???? | | ?????????????# """ """ """ # #???? | | ?????????????# ? """ """ """ # #???? | | ?????????????# """ """ """ # #???? | | ?????????????# ##############? | | ?????????????# #??# """ #? | | ?????????????# """ """ #??# """ #? | | ?????????????# """ """ "T" #??# """ #? | | ??????????? # """ """ """ #??# #? | | ?????????? #??# #? | | ?????????? #??# #? | | ?????????? ######??# #? | | ??????????? ############## #???????# ## | | ??????????????????????????# ###############+### | | ???????????????????######## | +----------------------------------------------------+ Best States ------------- Heat Dissipation 45 Energy Generation 10 Energy Capacity 125 Matter Stores 300 Matter Capacity 300 Sight Range 18 Terrain Scan Density 10 Evasion (%) 55 Item Schematics ----------------- None Robot Schematics ------------------ None Fabricated ------------ Nothing Repaired ---------- Nothing Studied --------- None Alien Tech Used ----------------- None Achievements -------------- Backstab First Step to Greatness I Have A Map? One Hack Too Far Spot Them First Uninvited Guest Challenges ------------ None Game ------ Seed JammingRocketSpiker Manual? 0 Play Time 00:28:08 Cumulative 0.4 hours Start 2026.04.20 @ 21:09:17 End 2026.04.20 @ 21:40:12 Sessions 2 Manual Loads 0 Difficulty Rogue Special Mode None Game No. 2 Rogue 2 Adventurer 0 Explorer 0 Win Type - Total 0 Types 0/0/0/0/0/0/0/0/0/0 Lore% 0 Gallery% 0 Achievement% 1 Wizard Run 0 Options --------- Layout 0 ASCII 0 Keyboard 0 Movement Mouse Keybinds 0 Fullscreen 1 Font 18/X11 Map View 76x50 Zoom Use 0% Tactical HUD 0 Map Filters NONE Filters NONE Steam 1 RUN: 5f714aba-5203-4287-b0e9-861c9c2e0acf